 Dungeon Crawl Stone Soup version 0.30-a0-878-gc727b3d3d6 (webtiles) character file.

Game seed: 7242844685602165329

147 M4edhros the Insei (level 5, -6/33 HPs)
             Began as an Octopode Artificer on Mar 12, 2023.
             Killed from afar by Pikel (23 damage)
             ... with a bolt of dispelling energy
             ... on level 4 of the Dungeon.
             The game lasted 00:04:09 (569 turns).

M4edhros the Insei (Octopode Artificer)              Turns: 569, Time: 00:04:10

Health: -6/33      AC:  1    Str: 11    XL:     5   Next: 29%
Magic:  5/5        EV: 13    Int: 13    God:
Gold:   73         SH:  0    Dex: 15    Spells: 4/4 levels left

rFire   . . .      SeeInvis .    i - +3 short sword (venom)
rCold   . . .      Faith    .    a - orb {mayhem}
rNeg    + . .      Spirit   .    (helmet restricted)
rPois   .          Reflect  .    (no amulet)
rElec   .          Rampage  .    m - ring of positive energy
rCorr   .                        (no ring)
Will    .....                    (no ring)
Stlth   +++                      (no ring)
HPRegen 0.25/turn                (no ring)
MPRegen 0.09/turn                (no ring)
                                 (no ring)
                                 (no ring)

@: no status effects
A: almost no armour, amphibious, 8 rings, camouflage 1, gelatinous body 1,
(nimble swimmer 1), tentacles
a: no special abilities


You were on level 4 of the Dungeon.
You visited 1 branch of the dungeon, and saw 4 of its levels.

You collected 73 gold pieces.

Inventory:

Hand Weapons
 i - a +3 short sword of venom (weapon)
Missiles
 h - 4 poisoned darts
Armour
 a - an orb of mayhem (worn)
Jewellery
 m - a ring of positive energy (left tentacle)
Wands
 b - a wand of flame (26) (quivered)
 c - a wand of charming (6)
 d - a wand of iceblast (2)
Scrolls
 g - 2 scrolls of blinking
 j - 2 scrolls of teleportation {unknown}
 l - a scroll of immolation {unknown}
 n - 2 scrolls of noise {unknown}
Potions
 e - 2 potions of mutation {unknown}
 k - a potion of heal wounds {unknown}
 o - a potion of haste {unknown}
 p - a potion of curing {unknown}


   Skills:
 - Level 1.0 Fighting
 - Level 2.3 Dodging
 - Level 1.3 Stealth
 + Level 4.8 Unarmed Combat
 - Level 3.2 Evocations


You had 4 spell levels left.
You didn't know any spells.
Your spell library was empty.

Dungeon Overview and Level Annotations

Branches:
Dungeon (4/15)
 Temple: D:4-7

Altars:
Trog

Annotations:
D:4 Pikel


Innate Abilities, Weirdness & Mutations

You cannot wear most types of armour.
You are amphibious.
You can wear up to eight rings at the same time.
Your skin changes colour to match your surroundings (Stealth+).
Your rubbery body absorbs attacks. (AC +1, EV +1)
((You are camouflaged when in or above water. (Stealth+)))
You have tentacles for arms and can constrict up to eight enemies at once.


Message History

Okay, then.
You feel less invigorated.
You feel less confused. What are your orders? t - Shout!
Orders for allies: a - Attack new target. p - Attack previous target. r - Retreat! s - Stop attacking. g - Guard the area. f - Follow me.
Anything else - Cancel.
Guard this area!
You swap places.
The scorpion is no longer charmed.
The scorpion stings Pikel.
Pikel hits the scorpion with a +1 whip of electrocution.
Lightning courses through the scorpion!!
The scorpion dies!
You have reached level 5!
You feel agile.
Aiming: Iceblast
Press: ? - help, Shift-Dir - straight line, p - Pikel The mass of ice explodes!
The iceblast engulfs Pikel!
Pikel is heavily wounded.
Pikel is no longer charmed.
Pikel shouts!
You hear a shout! x3
Pikel zaps a wand.
The bolt of dispelling energy misses you.
Aiming: Iceblast
Press: ? - help, Shift-Dir - straight line The mass of ice explodes!
The iceblast engulfs Pikel!
Pikel is severely wounded.
Pikel zaps a wand.
The bolt of dispelling energy hits you!
Unknown command.
Aiming: Iceblast
Press: ? - help, Shift-Dir - straight line The mass of ice explodes!
The iceblast engulfs Pikel!
Pikel is almost dead.
You hear a shout!
Pikel zaps a wand.
The bolt of dispelling energy hits you!!
Ouch! That really hurt!
You die...

'###....................#
.......#................#
.......##.#.............#
........#.##............#
..###................$###
...####...............#
#...#...##............#
.)†###.##..........†..# #####.
#..#...##....#..@.....##......
......##.)..##.........#....
.......#.#................
##......##...........#..#
##......####...#....#.##
...... #...#..K....# #..###
#....#.†....## ####
##..###......# #### #...#..#


You could see Pikel.

Vanquished Creatures
  2 lemures (D:4)
  A hound (D:3)
  3 adders (D:3)
  An ufetubus (D:3)
  A dart slug (D:4)
  2 orcs (D:3)
  A ball python (D:4)
  2 bats (D:1)
  2 endoplasms (D:3)
  A hobgoblin (D:1)
  A quokka (D:4)
  2 frilled lizards
  4 goblins
  A kobold (D:1)
  2 rats
26 creatures vanquished.

Vanquished Creatures (collateral kills)
  A lemure (D:4)
  A scorpion (D:4)
  A dart slug (D:4)
3 creatures vanquished.

Vanquished Creatures (others)
  A goblin (D:4)
1 creature vanquished.

Grand Total: 30 creatures vanquished

Notes
Turn   | Place    | Note
-------+----------+-------------------------------------------
     0 | D:1      | M4edhros the Octopode Artificer began the quest for the
                  | Orb.
     0 | D:1      | Reached XP level 1. HP: 13/13 MP: 1/1
    72 | D:1      | Reached skill level 1 in Unarmed Combat
   116 | D:1      | Reached XP level 2. HP: 14/18 MP: 2/2
   139 | D:3      | Reached skill level 2 in Unarmed Combat
   205 | D:3      | Reached XP level 3. HP: 7/23 MP: 3/3
   279 | D:3      | Reached skill level 3 in Unarmed Combat
   305 | D:3      | Reached XP level 4. HP: 18/28 MP: 4/4
   381 | D:4      | Found a bloodstained altar of Trog.
   448 | D:4      | Noticed a lemure
   449 | D:4      | Noticed a lemure
   451 | D:4      | Noticed a lemure
   481 | D:4      | Killed a lemure
   483 | D:4      | Killed a lemure
   486 | D:4      | Killed a lemure
   492 | D:4      | Noticed Pikel
   500 | D:4      | Reached skill level 4 in Unarmed Combat
   519 | D:4      | Noticed a scorpion
   566 | D:4      | Killed a scorpion
   567 | D:4      | Reached XP level 5. HP: 33/33 MP: 5/5
   569 | D:4      | Killed from afar by Pikel

Illustrated notes

Levels and vault maps discovered:
D:1:      sevenhm_arrival_forest_fort_small_3, layout_loops_ring
D:2:      kennysheep_big_flooded_room, layout_basic, uniq_terence, uniq_sigmund
D:3:      layout_rooms, mainiacjoe_overflow_concentric_impassable,
          nicolae_figureground_pulse
D:4:      layout_cave_pools, mainiacjoe_overflow_24_doors,
          grunt_temple_overflow_gold_and_silver, minmay_ruined_shrine,
          uniq_pikel

Skill      XL: |  1  2  3  4 |
---------------+-------------+-----
Unarmed Combat | 1 2 3 4 |  4.8
Fighting       | |  1.0
Dodging        | |  2.3
Stealth        | |  1.3
Evocations     | |  3.2

Action                     |  1- 3 |  4- 6 || total
---------------------------+-------+-------++-------
  Melee: Unarmed           |    37 |       ||    37
         Constrict         |     8 |     6 ||    14
         Tentacles         |     7 |     6 ||    13
         Punch             |     1 |     1 ||     2
         Short sword       |    11 |    21 ||    32
  Evoke: Wand              |     1 |    12 ||    13
    Use: Scroll            |     2 |       ||     2
         Potion            |       |     1 ||     1
   Stab: Sleeping          |     2 |     1 ||     3
 Armour: Skin              |     6 |       ||     6
  Dodge: Dodged            |    40 |    13 ||    53

Table legend: (Time is in decaauts)
 A = Elapsed time spent in this place.
 B = Non-inter-level travel time spent in this place.
 C = Inter-level travel time spent in this place.
 D = Time resting spent in this place.
 E = Time spent auto-exploring this place.
 F = Levels seen in this place.
 G = Mean time per level.
                   A        B        C        D        E       F      G
               +--------+--------+--------+--------+--------+-----+--------+
         Total |    566 |    555 |     11 |      2 |      0 |   4 |  141.5 |
       Dungeon |    566 |    555 |     11 |      2 |      0 |   4 |  141.5 |
               +--------+--------+--------+--------+--------+-----+--------+

Top non-repeatable levels by time:
     D:3: 225 daAuts
     D:4: 212 daAuts
     D:1: 117 daAuts
     D:2: 10 daAuts
